Map: Torches LE

Players

ilsar

  • Race: Protoss Protoss
  • League: Gold
  • Spawn Location: 1:00

Sindyr - Winner!

  • Race: Zerg Zerg
  • League: Master
  • Spawn Location: 5:00

VOD

Have the link to the VOD?

Description

Time

  • Played on: Oct. 20, 2025, 11:55 a.m.
  • Length: 11:16
Show
View Real Time Build Order
Export as new Build Order

ilsar Protoss 

Build Orders: 1 Gate Expand 

Get SALT Encoding   

  1  0:00  Probe  
  12  0:04  Probe  
  14  0:19  Pylon  
  14  0:23  Probe  
  15  0:37  Probe  
  16  0:47  Gateway  
  16  0:53  Probe  
  17  1:05  Probe  
  18  1:17  Nexus, Probe  
  19  1:25  Probe  
  20  1:34  Zealot  
  22  1:44  Cybernetics Core  
  22  1:49  Assimilator  
  22  1:50  Probe  
  23  2:08  Pylon  
  23  2:26  Probe, Zealot  
  26  2:33  Forge  
  26  2:34  Probe  
  26  2:38  Probe, Assimilator  
  26  2:42  Probe  
  26  2:44  Pylon  
  29  2:52  Probe  
  29  2:55  Shield Battery  
  29  2:57  Probe  
  30  3:04  Probe  
  32  3:10  Stargate  
  32  3:16  Probe  
  33  3:22  Photon Cannon  
  33  3:26  Photon Cannon  
  33  3:28  Probe  
  34  3:39  Stargate  
  34  3:40  Probe  
  35  3:51  Pylon  
  35  3:52  Probe  
  36  4:02  Photon Cannon  
  36  4:04  Probe  
  32  4:10  Phoenix  
  33  4:28  Probe  
  33  4:30  Pylon  
  28  4:36  Probe  
  29  4:43  Stalker  
  27  5:00  Phoenix x2  
  31  5:10  Stalker  
  31  6:18  Phoenix x2  
  35  6:28  Pylon  
  35  6:36  Protoss Air Weapons Level 1  
  35  6:39  Pylon  
  35  6:46  Photon Cannon  
  35  6:47  Cybernetics Core  
  35  6:54  Fleet Beacon  
  27  7:53  Tempest  
  31  8:00  Protoss Air Armor Level 1  
  31  8:09  Photon Cannon  
  31  8:10  Photon Cannon  
  31  8:12  Photon Cannon  
  31  8:24  Tempest  
  35  8:34  Nexus  
  35  8:37  Assimilator  
  35  8:39  Assimilator  
  35  8:45  Shield Battery  
  35  8:48  Pylon  
  35  8:51  Probe  
  36  8:59  Probe  
  36  9:09  Probe  
  38  9:18  Probe  
  39  9:27  Probe, Unknown  
  40  9:36  Probe  
  41  9:48  Probe  
  36  10:00  Probe  
  36  10:06  Photon Cannon  
  30  10:08  Photon Cannon  
  30  10:11  Pylon  
  29  10:15  Pylon  
  29  10:16  Pylon  
  29  10:17  Tempest  
Show
View Real Time Build Order
Export as new Build Order

Sindyr Zerg - Winner!

Build Orders: Pool First 

Get SALT Encoding   

  12  0:07  Drone  
  13  0:15  Drone  
  13  0:18  Extractor, Drone  
  15  0:22  Overlord  
  15  0:41  Drone  
  16  0:47  Spawning Pool  
  16  0:49  Drone  
  16  0:51  Drone  
  17  1:12  Hatchery  
  17  1:18  Drone x2  
  18  1:22  Extractor  
  17  1:35  Queen  
  19  1:48  Zergling x6  
  22  1:59  Overlord  
  22  2:19  Queen  
  24  2:24  Queen  
  24  2:25  Metabolic Boost  
  24  2:28  Drone  
  27  2:32  Drone  
  27  2:36  Zergling x2  
  29  2:40  Zergling x2  
  31  2:44  Zergling x2  
  31  3:10  Overlord  
  31  3:11  Drone x3  
  31  3:12  Drone x2  
  36  3:28  Hatchery  
  36  3:32  Zergling x2  
  36  3:34  Zergling x2  
  36  3:37  Zergling x2  
  38  3:44  Zergling x2  
  39  3:52  Zergling x8  
  39  3:53  Zergling x2  
  43  4:10  Drone  
  43  4:23  Overlord x2  
  39  4:43  Zergling x14  
  40  4:47  Drone  
  40  4:48  Drone x4  
  42  4:56  Lair  
  42  4:59  Evolution Chamber  
  41  5:01  Extractor, Drone x2  
  41  5:06  Queen  
  44  5:41  Drone x4  
  48  5:47  Zerg Missile Weapons Level 1  
  48  5:58  Hydralisk Den  
  48  6:03  Queen  
  49  6:08  Spore Crawler x2  
  46  6:13  Spore Crawler  
  45  6:23  Drone x12  
  57  6:26  Overlord x2  
  57  6:35  Evolution Chamber  
  56  6:52  Drone x3  
  56  6:53  Drone x2  
  61  7:00  Spore Crawler  
  60  7:02  Zerg Ground Armor Level 1, Spore Crawler  
  60  7:03  Spore Crawler  
  60  7:07  Overseer x2  
  60  7:08  Infestation Pit  
  54  7:47  Zerg Missile Weapons Level 2  
  54  7:49  Hive  
  54  7:53  Drone x11  
  54  7:54  Extractor  
  54  7:55  Extractor, Queen  
  65  7:58  Overlord  
  65  7:59  Overlord, Extractor  
  64  8:05  Muscular Augments  
  64  8:16  Zergling x2  
  64  8:17  Zergling x12, Hydralisk  
  64  8:18  Zergling x2  
  64  8:19  Zergling x16  
  82  8:33  Drone x4  
  86  8:42  Drone x2  
  86  8:44  Overlord x2  
  88  9:09  Grooved Spines  
  88  9:21  Drone x2  
  88  9:22  Drone x4  
  88  9:23  Extractor  
  88  9:24  Hatchery  
  91  9:48  Hydralisk x8  
  91  9:49  Hydralisk  
  104  9:52  Hydralisk  
  105  10:05  Spore Crawler  
  105  10:06  Spore Crawler x2  
  102  10:08  Spore Crawler  
  102  10:11  Hydralisk Den  
  102  10:13  Spore Crawler  
  102  10:14  Spore Crawler  
  78  10:58  Hatchery  
  77  11:15  Hatchery  
Tags
 
Add a new tag
Caveats
  • Supply blocks, unpowered buildings, or Contaminate may cause inaccurate times.
  • Supply counts are checked every 10 seconds.